 Dungeon Crawl Stone Soup version 0.20.1-1-g8b1a95d (webtiles) character file.

2680898 Firecrotchwizard the Axe Maniac (level 27, 300/300 HPs)
             Began as a Minotaur Berserker on Nov 12, 2017.
             Was the Champion of Trog.
             Escaped with the Orb
             ... and 4 runes!
             The game lasted 03:12:27 (58613 turns).

Firecrotchwizard the Axe Maniac (MiBe)             Turns: 58613, Time: 03:12:27

Health: 300/300    AC: 48    Str: 34    XL:     27
Magic:  30/30      EV: 27    Int:  2    God:    Trog [******]
Gold:   7051       SH:  0    Dex: 23    Spells: 26/26 levels left

rFire    + + +     SeeInvis +   c - +9 battleaxe (vamp) {!w}
rCold    + . .     Gourm    .   (shield currently unavailable)
rNeg     + . .     Faith    .   B - +12 gold dragon scales
rPois    +         Spirit   .   P - +2 hat
rElec    +         Reflect  .   I - +2 cloak {+Inv}
rCorr    .         Harm     .   A - +3 pair of gloves "Xoared" {rElec}
MR       ++...                  u - +2 pair of boots "Yxkab" {Str+7 Dex+5}
Stlth    ..........             r - amulet "Hianor" {+Rage rPois rN+ Str+3 Dex-3}
Regen    0.6/turn               J - ring of protection from fire {rF+, !d}
MPRegen  0.3/turn               O - ring of Xiwaha {rF+ Slay+2 SInv}

@: no status effects
A: retaliatory headbutt, horns 2, deformed body, dopey 1, low mp 1, robust 1,
inhibited regeneration
0: Orb of Zot
}: 4/15 runes: serpentine, barnacled, silver, abyssal
a: Berserk, Trog's Hand, Brothers in Arms, Burn Spellbooks, Renounce Religion,
Evoke Berserk Rage, Evoke Invisibility


You escaped.
You worshipped Trog.
Trog was exalted by your worship.
You were very hungry.

You visited 8 branches of the dungeon, and saw 46 of its levels.
You visited the Abyss 1 time.
You visited 1 bazaar.
You also visited: Labyrinth and Ice Cave.

You collected 10170 gold pieces.
You spent 3119 gold pieces at shops.

Inventory:

Hand Weapons
 c - a +9 vampiric battleaxe (weapon) {!w}
   (Trog gifted it to you on level 3 of the Snake Pit)
 N - the +8 frozen axe "Frostbite" {freezing cloud, *Noise +Fly rC+}
   (You bought it in a shop on level 2 of the Orcish Mines)

   It has been specially enchanted to freeze those struck by it, causing extra
   injury to most foes and up to half again as much damage against particularly
   susceptible opponents.
   It can also slow down cold-blooded creatures.
   It protects you from cold.
   It lets you fly.
   It may make noises in combat.
 V - a +5 antimagic battleaxe
   (Trog gifted it to you on level 2 of the Vaults)
Missiles
 x - 11 throwing nets {=f, !d}
Armour
 u - the +2 pair of boots "Yxkab" (worn) {Str+7 Dex+5}
   (You found it on level 4 of the Dungeon)

   It affects your strength (+7).
   It affects your dexterity (+5).
 A - the +3 pair of gloves "Xoared" (worn) {rElec}
   (You found it on level 2 of the Realm of Zot)

   It insulates you from electricity.
 B - +12 gold dragon scales (worn)
   (You found it on level 3 of the Vaults)
 I - a +2 cloak of invisibility (worn)
   (You took it off a draconian scorcher on level 4 of the Realm of Zot)
 P - a +2 hat (worn)
   (You found it on level 4 of the Shoals)
Jewellery
 r - the amulet "Hianor" (around neck) {+Rage rPois rN+ Str+3 Dex-3}
   (You bought it in a shop in a bazaar)

   [amulet of rage]

   It affects your strength (+3).
   It affects your dexterity (-3).
   It protects you from poison.
   It protects you from negative energy.
   It lets you go berserk.
 w - the ring of Yendor {rC- Str+10 Slay+3}
   (You acquired it on level 5 of the Vaults)

   [ring of slaying]

   It affects your strength (+10).
   It affects your accuracy and damage with ranged weapons and melee attacks
   (+3).
   It makes you vulnerable to cold.
 H - the amulet of Music {Spirit rC+ Str+3}
   (You found it on level 3 of the Vaults)

   [amulet of guardian spirit]

   It causes incoming damage to be split between your health and magic.
   It affects your strength (+3).
   It protects you from cold.
 J - a ring of protection from fire (left hand) {rF+, !d}
   (You found it on level 1 of the Snake Pit)
 K - the ring of Yxzagepp {Ice rPois MR+ Int-5}
   (You took it off an ironheart preserver on level 5 of the Vaults)

   [ring of ice]

   It enhances your ice magic.
   It affects your intelligence (-5).
   It makes you vulnerable to fire.
   It protects you from cold.
   It protects you from poison.
   It affects your resistance to hostile enchantments.
 O - the ring of Xiwaha (right hand) {rF+ Slay+2 SInv}
   (You bought it in a shop in a bazaar)

   [ring of protection from fire]

   It affects your accuracy and damage with ranged weapons and melee attacks
   (+2).
   It protects you from fire.
   It lets you see invisible.
 Q - an uncursed ring of resist corrosion
   (You found it on level 6 of the Lair of Beasts)
 W - an uncursed ring of positive energy {rN+}
   (You found it on level 15 of the Dungeon)
Wands
 z - a wand of scattershot (9/9)
   (You bought it in a shop on level 1 of the Depths)
 F - a wand of disintegration (16/24)
   (You found it on level 7 of the Dungeon)
 S - a wand of digging (8/24)
   (You found it in a labyrinth)
Scrolls
 b - 12 scrolls of magic mapping {!r}
 d - 34 scrolls of teleportation
 g - 6 scrolls of identify
 j - 9 scrolls of blinking {!r}
 q - 11 scrolls of fog
 v - a scroll of enchant weapon
 y - 7 scrolls of remove curse
 E - 10 scrolls of recharging
 L - 11 scrolls of fear
 U - 2 scrolls of holy word {!r}
 X - 3 scrolls of summoning
Potions
 a - 4 potions of lignification {!q}
 f - 21 potions of curing
 h - 4 potions of haste
 k - a potion of cancellation
 m - 2 potions of magic
 o - 5 potions of mutation {!q}
 p - 6 potions of heal wounds
 t - 9 potions of flight
 D - a potion of agility
 M - 2 potions of invisibility
 R - a potion of resistance
 T - 8 potions of might
Miscellaneous
 e - a box of beasts
 i - a phantom mirror
 G - a phial of floods
   (You found it on level 3 of the Snake Pit)
 Y - 4 sacks of spiders
 Z - a fan of gales
   (You found it in a labyrinth)
Comestibles
 l - 19 bread rations {@e1}
 C - 38 royal jellies


   Skills:
 O Level 27 Fighting
 O Level 27 Axes
 O Level 27 Armour
 + Level 25.2 Dodging
 - Level 15.8 Evocations


You had 26 spell levels left.
You didn't know any spells.

Dungeon Overview and Level Annotations

Branches:
Dungeon (15/15)            Temple (0/1) D:6            Lair (6/6) D:11
 Shoals (4/4) Lair:2        Snake (4/4) Lair:2        Slime (0/5) Lair:5
    Orc (2/2) D:10            Elf (0/3) Orc:2        Vaults (5/5) D:13
  Crypt (0/3) Vaults:3     Depths (5/5) D:15            Zot (5/5) Depths:5

Altars:
Ashenzari
Dithmenos
Hepliaklqana
Kikubaaqudgha
Makhleb
Nemelex Xobeh
Okawaru
Sif Muna
Trog
Vehumet
Yredelemnul
Zin
The Shining One
Jiyva

Shops:
D:5 %   D:14 :   Orc:1 *   Orc:2 !}(*(   Snake:3 (??*   Vaults:1 %   Vaults:2 !
Depths:1 =}=   Depths:2 }   Depths:4 %

Portals:
Hell: Depths:1 Depths:2 Depths:3 Depths:4 Depths:5
Abyss: Depths:4 Depths:5
Pandemonium: Depths:3 Depths:5
Ziggurat: Depths:2
Trove: Depths:2 (give +3 shadow dragon scales)

Annotations:
D:7 exclusion: statue
D:10 exclusion: 2 doors
Lair:3 exclusion: 2 oklob plants
Depths:4 1 runed door


Innate Abilities, Weirdness & Mutations

You reflexively headbutt those who attack you in melee.
You have a pair of horns on your head.
Armour fits poorly on your strangely shaped body.
You are dopey. (Int -2)
Your magical capacity is low. (-10% MP)
You are robust. (+10% HP)
You do not regenerate when monsters are visible.


Message History

There is a stone staircase leading down here.
Things that are here:
a leather armour; an enchanted mace Your extra speed is starting to run out.
You feel yourself slow down.
There is a stone staircase leading up here.
You climb upwards.
Level annotation: exclusion: statue
There is a stone staircase leading down here.
A worker ant comes into view.
The worker ant twitches its antennae in your direction.
There is a stone staircase leading up here.
You climb upwards.
There is a stone staircase leading down here.
There is a stone staircase leading up here.
You climb upwards.
There is a stone staircase leading down here.
You regained 2 hp, and now have 223/300 hp.
You see here a curved runed staff.
There is a stone staircase leading up here.
You climb upwards.
A sixfirhy comes into view.
There is a stone staircase leading down here.
You carve the sixfirhy like a ham!!! Your headbutt misses the sixfirhy.
You slice the sixfirhy!!
You kill the sixfirhy!
Trog accepts your kill.
An Orb Guardian comes into view.
You are feeling very hungry.
The Orb Guardian hits you but does no damage.
You slice the Orb Guardian!! The Orb Guardian completely misses you.
You slice the Orb Guardian!!
You feel better.
You headbutt the Orb Guardian, but do no damage.
The Orb Guardian closely misses you.
You regained 23 hp, and now have 269/300 hp.
You hit the Orb Guardian but do no damage.
The Orb Guardian hits you but does no damage.
Your gold dragon scales prevents you from hitting the Orb Guardian.
You headbutt the Orb Guardian!
The Orb Guardian hits you but does no damage.
You hit the Orb Guardian but do no damage.
You headbutt the Orb Guardian. The Orb Guardian hits you.
You take 4 damage, and have 265/300 hp.
You closely miss the Orb Guardian. You headbutt the Orb Guardian!!
The Orb Guardian misses you.
You miss the Orb Guardian. You headbutt the Orb Guardian.
You kill the Orb Guardian!
Trog accepts your kill.
There is a stone staircase leading up here.
You climb upwards.
There is a stone staircase leading down here.
There is a stone staircase leading up here.
You climb upwards.
There is a stone staircase leading down here.
You feel yourself speed up.
A hell beast comes into view.
The hell beast hisses angrily.
The hell beast bites you but does no damage.
The hell beast tramples you but does no damage.
You barely miss the hell beast. You headbutt the hell beast!
The hell beast closely misses you. You furiously retaliate!
You headbutt the hell beast! The hell beast completely misses you.
You barely miss the hell beast. You headbutt the hell beast!
The hell beast closely misses you. You furiously retaliate!
You headbutt the hell beast!
The hell beast tramples you but does no damage.
You hit the hell beast.
The hell beast bites you but does no damage.
The hell beast tramples you but does no damage.
You slash the hell beast! You headbutt the hell beast!!
You kill the hell beast!
Trog accepts your kill.
Hoxieh comes into view.
Hoxieh gestures.
Hoxieh closely misses you. You furiously retaliate!
You headbutt Hoxieh, but do no damage. You slice Hoxieh!!
You headbutt Hoxieh, but do no damage. You slash Hoxieh!
Hoxieh hits you but does no damage.
You chop Hoxieh into pieces!!! You headbutt Hoxieh. You hit Hoxieh.
Hoxieh gestures.
You cut Hoxieh into ribbons!!!
You kill Hoxieh!
Trog accepts your kill.
The rust devil disappears in a puff of smoke! x2
The chaos spawn degenerates into a cloud of primal chaos!
Really walk into that cloud of seething chaos? [Y]es or [N]o only, please.
Really walk into that cloud of seething chaos?
Okay, then.
Things that are here:
a scale mail; a falchion
There is a stone staircase leading up here.
You climb upwards.
There is a stone staircase leading down here.
A Brimstone Fiend comes into view.
Your extra speed is starting to run out.
You feel yourself slow down.
There is a staircase leading out of the dungeon here.
You have escaped!

.........#...###.####
#........
########.##...##..#
#........ #
#.###......#
#........ # #.#
##.....# #####.### #
#.# ##....# #..# #
#.# ##.....# #.## #
#.###......# #.# ###
#..........# #.# ..##
#.###....@.# #.#
#..### #.# #......#
#.# ##...# #.#
####'### #.# #....#
#.# ####.# #.# ..####
#.# #.##.# #.#
########.###.##># #.#
.............#####
#.#
##########....##.####
#.# #####
#...#.......# ##.#


There were no monsters in sight!

Vanquished Creatures
  4 orbs of fire
  3 ancient liches (Zot:5)
  Sojobo (Depths:1)
  A shard shrike (Zot:1)
  Frederick (Depths:1)
  Margery (Vaults:4)
  Saint Roka (Orc:1)
  Xtahua (Vaults:4)
  2 caustic shrikes
  2 curse toes (Zot:3)
  13 golden dragons
  5 Killer Klowns
  Jory (Vaults:4)
  Rupert (Lair:5)
  2 electric golems (Zot:5)
  9 liches
  16 tentacled monstrosities
  27 Orb Guardians
  A pandemonium lord (D:2)
  Asterion (Vaults:2)
  6 titans
  9 quicksilver dragons
  14 death cobs
  Kirke (Snake:4)
  A kraken (Shoals:1)
  An ancient champion (Depths:4)
  8 sphinxes
  5 acid blobs (Zot:1)
  A tentacled starspawn (Abyss:5)
  13 tengu reavers
  A daeva (Zot:1)
  7 large abominations
  8 draconian monks
  12 shadow dragons
  Donald (Snake:2)
  10 fire giants
  10 nagarajas
  12 storm dragons
  13 frost giants
  2 orc warlords
  5 deep elf sorcerers
  10 draconian knights
  Louise (Depths:4)
  A caustic shrike zombie (Depths:1)
  A balrug (Depths:5)
  Aizul (Vaults:4)
  4 ghost moths
  24 vault wardens
  9 draconian scorchers
  9 draconian stormcallers
  2 spriggan defenders (Depths:4)
  3 war gargoyles
  5 draconian shifters
  A ghoul (Vaults:3)
  22 ironheart preservers
  3 draconian annihilators
  42 stone giants
  An entropy weaver (shapeshifter) (Vaults:4)
  30 very ugly things
  2 reapers
  12 green draconians
  2 deep elf demonologists
  4 vampire knights
  Azrael (Snake:3)
  18 black draconians
  11 white draconians
  A spark wasp (Depths:1)
  10 red draconians
  3 deep elf annihilators
  16 yellow draconians
  A blizzard demon (Depths:5)
  4 merfolk javelineers (Shoals:4)
  16 purple draconians
  18 ettins
  A crystal guardian (Vaults:5)
  12 fire dragons
  10 merfolk impalers
  A deep elf death mage (Vaults:4)
  19 yaktaur captains
  12 great orbs of eyes
  A minotaur (Lab)
  4 hell beasts
  13 ice dragons
  13 ogre magi
  7 rakshasas
  9 centaur warriors
  40 vault guards
  3 deep elf high priests
  15 naga warriors
  2 hydras (Lair:6)
  3 spriggan air magi
  17 anacondas
  6 death knights
  25 two-headed ogres
  6 merfolk aquamancers (Shoals:4)
  A two-headed ogre (shapeshifter) (Vaults:4)
  A merfolk avatar (Shoals:4)
  A death yak (IceCv)
  11 deep troll earth magi
  The ghost of yevrey the Grappler, a novice DrTm of Sif Muna (D:10)
  2 thrashing horrors (Abyss:5)
  8 tengu warriors
  3 vampire magi (Depths:1)
  9 deep troll shamans
  Urug (Lair:5)
  9 spriggan berserkers
  8 shock serpents
  8 deep elf knights
  19 naga sharpshooters
  3 sun demons (Depths:5)
  A wretched star (Abyss:5)
  A sixfirhy (D:4)
  12 skeletal warriors
  12 hell knights
  3 soul eaters (Depths:5)
  3 salamander mystics
  A fire crab (shapeshifter) (Vaults:5)
  4 shadow wraiths
  9 iron trolls
  2 unseen horrors (Vaults:1)
  A glowing orange brain (Depths:2)
  6 sea snakes
  A swamp dragon (Zot:2)
  2 quicksilver dragon simulacra (Depths:5)
  23 deep trolls
  2 flayed ghosts
  6 phantasmal warriors
  22 ironbrand convokers
  6 naga ritualists
  28 orc knights
  A lindwurm (Lair:6)
  48 ugly things
  2 wizards (Vaults:3)
  11 deep elf archers
  18 harpies
  2 harpies (shapeshifter)
  8 necromancers
  An oklob plant (Zot:1)
  21 deep elf magi
  A sphinx zombie (Vaults:2)
  11 mana vipers
  3 wolf spiders (Vaults:4)
  8 fauns
  19 salamanders
  9 manticores
  18 moths of wrath
  6 cyclopes
  8 merfolk sirens
  A fire giant skeleton (Vaults:2)
  6 guardian serpents
  2 ice statues
  A black mamba (shapeshifter) (Vaults:1)
  33 black mambas
  39 naga magi
  5 water nymphs
  4 elephants (Lair:4)
  A frost giant skeleton (Depths:1)
  10 rust devils
  2 gargoyles
  18 vault sentinels
  Maurice (D:9)
  23 spiny frogs
  A rime drake (Lair:2)
  5 spectral swamp worms (Depths:1)
  3 efreet
  6 komodo dragons
  42 yaktaurs
  A demonic crawler (Depths:3)
  6 red devils
  A spriggan zombie (Depths:1)
  A kobold demonologist (D:12)
  9 tengu conjurers
  A redback zombie (D:14)
  4 ice devils
  9 freezing wraiths
  A queen bee (Lair:2)
  5 trolls
  8 hornets
  32 merfolk
  2 harpy skeletons
  6 tyrant leeches
  A wind drake (shapeshifter) (Vaults:3)
  14 polar bears (IceCv)
  4 wind drakes
  24 slime creatures
  32 blink frogs
  9 dream sheep
  A meliai zombie (D:14)
  9 hippogriffs
  7 snapping turtles
  3 flying skulls (Depths:5)
  An elf skeleton (Depths:1)
  3 shadows (Depths:5)
  13 water elementals
  48 yaks
  5 wraiths
  A yak (shapeshifter) (Vaults:3)
  5 spriggans
  A tarantella (shapeshifter) (D:10)
  16 humans
  A vampire (D:14)
  A fire elemental (Snake:3)
  4 basilisks
  10 fire bats
  5 wyverns
  6 chaos spawn (Abyss:5)
  7 vampire mosquitoes
  4 hungry ghosts
  3 hogs (Snake:4)
  5 wargs
  48 nagas
  2 acid dragons
  A hydra simulacrum (Zot:1)
  3 floating eyes
  9 hell hounds
  4 soldier ants
  9 porcupines
  12 water moccasins
  54 orc warriors
  A hornet zombie (D:10)
  3 ice beasts
  2 black bears
  6 ettin simulacra (Depths:5)
  4 phantoms
  2 sky beasts (D:8)
  An eye of draining (shapeshifter) (Vaults:1)
  28 ogres
  3 boggarts (Depths:4)
  18 wolves
  28 centaurs
  10 crocodiles
  2 big kobolds
  3 earth elementals (Abyss:5)
  A human zombie (Vaults:2)
  29 bullfrogs
  2 scorpions
  An elf simulacrum (Vaults:3)
  19 killer bees (Lair:2)
  9 wights
  3 electric eels
  3 centaur zombies
  10 crimson imps
  A quasit (D:15)
  A bullfrog zombie (D:8)
  A hound (shapeshifter) (Abyss:5)
  19 orc wizards
  26 jellies
  Crazy Yiuf (D:2)
  2 bullfrog skeletons
  15 orc priests
  7 hounds
  An iron imp (D:11)
  Terence (D:2)
  5 centaur skeletons
  2 iguanas
  12 worker ants
  3 hound skeletons
  2 worker ant zombies
  5 gnolls
  2 howler monkey zombies
  5 adders
  7 shadow imps
  2 ufetubi
  2 adder skeletons
  4 worms
  A dart slug (D:4)
  9 leopard geckos
  85 orcs
  7 bats
  3 giant cockroaches
  6 goblins
  2 hobgoblins
  13 jackals
  4 quokkas
  A ball python (D:2)
  6 frilled lizards
  A jackal skeleton (D:5)
  A jackal zombie (D:5)
  17 kobolds
  A leopard gecko skeleton (D:4)
  A leopard gecko zombie (D:6)
  A quokka skeleton (D:6)
  A quokka zombie (D:5)
  10 rats
  A crawling corpse (Vaults:5)
  A fungus (Lair:2)
  10 plants
  A starspawn tentacle (Abyss:5)
  4 tentacles (Shoals:1)
2340 creatures vanquished.

Vanquished Creatures (collateral kills)
  Bai Suzhen (Vaults:2)
  Ilsuiw (Shoals:4)
  Nessos (Orc:2)
  A black draconian (Zot:1)
  A deep elf demonologist (Vaults:5)
  A red draconian (Zot:1)
  A merfolk impaler (Shoals:3)
  2 merfolk javelineers (Shoals:4)
  4 hydras
  2 ugly things (Vaults:2)
  A manticore (Shoals:4)
  A spiny frog (Lair:6)
  A yaktaur (Vaults:5)
  2 merfolk (Shoals:3)
  A hippogriff (Lair:6)
  A basilisk (D:15)
  A hydra simulacrum (Zot:1)
  5 orc warriors (Orc:2)
  An orc wizard (Orc:2)
  An orc (Orc:2)
30 creatures vanquished.

Vanquished Creatures (others)
  A lich (Depths:1)
  A white draconian (Zot:4)
  A two-headed ogre (D:11)
  An ugly thing (Vaults:2)
  A yaktaur (Vaults:5)
  A hippogriff (Lair:1)
  A flying skull (Depths:5)
  2 humans (Snake:4)
  A naga (Snake:3)
  An ogre (Vaults:1)
  A wolf (IceCv)
  An orc (Orc:2)
  4 bushes (Shoals:3)
  A fire vortex (Depths:2)
  13 fungi
  44 plants
  3 starspawn tentacles (Abyss:5)
78 creatures vanquished.

Grand Total: 2448 creatures vanquished

Notes
Turn   | Place    | Note
-------+----------+-------------------------------------------
     0 | D:1      | Firecrotchwizard the Minotaur Berserker began the quest for the Orb.
     0 | D:1      | Reached XP level 1. HP: 19/19 MP: 0/0
    89 | D:1      | Reached skill level 4 in Axes
    89 | D:1      | Reached XP level 2. HP: 24/27 MP: 1/1
   387 | D:1      | Reached XP level 3. HP: 31/33 MP: 2/2
   476 | D:2      | Noticed Terence
   486 | D:2      | Reached ** piety under Trog
   489 | D:2      | Killed Terence
   489 | D:2      | Reached skill level 4 in Fighting
   489 | D:2      | Reached skill level 3 in Armour
   493 | D:2      | Reached XP level 4. HP: 25/40 MP: 3/3
   881 | D:2      | Found a runed door.
   970 | D:2      | Reached skill level 5 in Axes
  1449 | D:2      | Noticed Crazy Yiuf
  1454 | D:2      | Killed Crazy Yiuf
  1824 | D:3      | Reached XP level 5. HP: 47/47 MP: 4/4
  1837 | D:3      | Reached skill level 3 in Dodging
  2343 | D:3      | Found a shattered altar of Ashenzari.
  2385 | D:3      | Found a sparkling altar of Nemelex Xobeh.
  2393 | D:3      | Found a burning altar of Makhleb.
  2524 | D:3      | Found a hazy altar of Hepliaklqana.
  2524 | D:3      | Found a glowing silver altar of Zin.
  2525 | D:3      | Found a basalt altar of Yredelemnul.
  2633 | D:4      | Got a pair of crude boots
  3593 | D:5      | Entered Level 5 of the Dungeon
  3644 | D:5      | Reached skill level 5 in Fighting
  3644 | D:5      | Reached skill level 6 in Axes
  3667 | D:5      | Found Bofod's Food Boutique.
  3884 | D:5      | Reached skill level 4 in Armour
  3884 | D:5      | Reached XP level 6. HP: 54/56 MP: 5/5
  4037 | D:5      | Found an iron altar of Okawaru.
  4255 | D:5      | Reached *** piety under Trog
  4721 | D:6      | Reached XP level 7. HP: 61/61 MP: 6/6
  4778 | D:6      | Reached skill level 7 in Axes
  4778 | D:6      | Reached skill level 4 in Dodging
  4924 | D:6      | Reached skill level 5 in Armour
  4937 | D:6      | Reached skill level 6 in Fighting
  5132 | D:6      | Found a staircase to the Ecumenical Temple.
  5172 | D:6      | Reached skill level 8 in Axes
  5485 | D:7      | Identified the +2 pair of boots "Yxkab" {Str+7 Dex+5} (You found it on level 4 of the Dungeon)
  5515 | D:7      | Noticed a hungry ghost
  5520 | D:7      | Killed a hungry ghost
  5520 | D:7      | Reached XP level 8. HP: 71/71 MP: 7/7
  5525 | D:7      | Noticed a hippogriff
  5533 | D:7      | Killed a hippogriff
  5579 | D:7      | Reached skill level 5 in Dodging
  5581 | D:7      | Reached skill level 9 in Axes
  5633 | D:7      | Reached skill level 7 in Fighting
  5633 | D:7      | Reached skill level 6 in Armour
  5729 | D:7      | Found a radiant altar of Vehumet.
  6067 | D:8      | Reached XP level 9. HP: 73/79 MP: 8/8
  6101 | D:8      | Reached skill level 10 in Axes
  6114 | D:8      | Reached skill level 6 in Dodging
  6167 | D:8      | Reached **** piety under Trog
  6218 | D:8      | Reached skill level 7 in Armour
  6633 | D:8      | Got a pair of spiked gloves
  6635 | D:8      | Noticed a two-headed ogre
  6644 | D:8      | Killed a two-headed ogre
  6644 | D:8      | Reached skill level 8 in Fighting
  6686 | D:8      | Reached skill level 11 in Axes
  6690 | D:8      | Reached skill level 7 in Dodging
  6854 | D:8      | You fall through a shaft for 2 floors!
  6854 | D:10     | Entered Level 10 of the Dungeon
  6883 | D:9      | Found a bloodstained altar of Trog.
  7164 | D:9      | Found a glowing golden altar of the Shining One.
  7216 | D:9      | Reached skill level 8 in Armour
  7216 | D:9      | Reached XP level 10. HP: 90/90 MP: 9/9
  7301 | D:9      | Identified the cursed -7 pair of gloves of Nucuh {rF+ Regen+} (You found it on level 8 of the Dungeon)
  7394 | D:9      | Noticed Maurice
  7403 | D:9      | Killed Maurice
  7632 | D:10     | Noticed yevrey's ghost (novice DrTm)
  7648 | D:10     | Killed yevrey's ghost
  7648 | D:10     | Reached skill level 9 in Fighting
  7648 | D:10     | Reached skill level 12 in Axes
  7727 | D:10     | Found a staircase to the Orcish Mines.
  7930 | D:10     | Reached skill level 8 in Dodging
  7988 | D:10     | Reached skill level 9 in Armour
  8082 | D:10     | Reached ***** piety under Trog
  8164 | D:10     | Noticed a two-headed ogre
  8171 | D:10     | Killed a two-headed ogre
  8171 | D:10     | Reached skill level 13 in Axes
  8586 | D:11     | Found a frozen archway.
  8604 | IceCv    | Entered an ice cave
  8680 | IceCv    | Reached XP level 11. HP: 99/99 MP: 10/10
  8710 | IceCv    | Reached skill level 10 in Fighting
  8793 | IceCv    | Reached skill level 9 in Dodging
  8883 | IceCv    | Reached skill level 14 in Axes
  9230 | IceCv    | Reached skill level 10 in Armour
  9275 | IceCv    | Noticed a death yak
  9275 | IceCv    | Noticed a white draconian
  9285 | IceCv    | Killed a death yak
  9297 | IceCv    | Killed a white draconian
  9297 | IceCv    | Reached skill level 11 in Fighting
  9307 | IceCv    | Reached XP level 12. HP: 98/110 MP: 11/11
  9322 | IceCv    | Identified Edas's Disquisition on the Voyage and Unholy Secrets
  9423 | D:11     | Reached skill level 15 in Axes
  9671 | D:11     | Received a gift from Trog
  9826 | D:11     | Noticed a two-headed ogre
  9829 | D:11     | Banished a two-headed ogre
  9829 | D:11     | Reached skill level 10 in Dodging
  9898 | D:11     | Noticed a two-headed ogre
  9903 | D:11     | Killed a two-headed ogre
  9903 | D:11     | Reached skill level 11 in Armour
 10076 | D:11     | Found a staircase to the Lair.
 10182 | D:11     | Found a bloodstained altar of Trog.
 10492 | Lair:1   | Entered Level 1 of the Lair of Beasts
 11279 | Lair:1   | Noticed a fire dragon
 11291 | Lair:1   | Killed a fire dragon
 11291 | Lair:1   | Reached skill level 16 in Axes
 11619 | Lair:2   | Found a staircase to the Shoals.
 11682 | Lair:2   | Reached skill level 12 in Fighting
 11864 | Lair:2   | Found a staircase to the Snake Pit.
 12573 | Lair:3   | Reached XP level 13. HP: 108/118 MP: 12/12
 12649 | Lair:3   | Got a dazzling dagger
 13759 | Lair:4   | Reached skill level 12 in Armour
 13759 | Lair:4   | Reached skill level 11 in Dodging
 14376 | Lair:5   | Noticed Rupert
 14391 | Lair:5   | Killed Rupert
 14391 | Lair:5   | Reached skill level 17 in Axes
 14427 | Lair:5   | Received a gift from Trog
 14428 | Lair:5   | Noticed Urug
 14443 | Lair:5   | Killed Urug
 14784 | Lair:5   | Found a staircase to the Slime Pits.
 14785 | Lair:5   | Found a viscous altar of Jiyva.
 15190 | Lair:6   | Entered Level 6 of the Lair of Beasts
 15196 | Lair:6   | Received a gift from Trog
 15200 | Lair:6   | Reached skill level 13 in Fighting
 15555 | Lair:6   | Reached skill level 12 in Dodging
 15626 | Lair:6   | Reached skill level 13 in Armour
 15646 | Lair:6   | Reached XP level 14. HP: 129/129 MP: 13/13
 15703 | Lair:6   | Reached skill level 18 in Axes
 16270 | Lair:6   | Got a flickering steel ring
 16274 | Lair:6   | Identified the ring "Jaicaeta" {Ice MR- Dex+4} (You found it on level 6 of the Lair of Beasts)
 16612 | Lair:6   | Received a gift from Trog
 17126 | Orc:1    | Entered Level 1 of the Orcish Mines
 17127 | Orc:1    | Found Xihex's Assorted Antiques.
 17382 | Orc:1    | Noticed an orc warlord
 17392 | Orc:1    | Killed an orc warlord
 17821 | Orc:2    | Entered Level 2 of the Orcish Mines
 17821 | Orc:2    | Found a staircase to the Elven Halls.
 17933 | Orc:2    | Noticed Saint Roka
 18064 | Orc:1    | Killed Saint Roka
 18363 | Orc:2    | Reached skill level 14 in Fighting
 18910 | Orc:2    | Noticed Nessos
 18923 | Orc:2    | Killed Nessos
 18937 | Orc:2    | Reached skill level 19 in Axes
 18974 | Orc:2    | Received a gift from Trog
 18993 | Orc:2    | Noticed a stone giant
 19043 | Orc:2    | Killed a stone giant
 19043 | Orc:2    | Reached skill level 13 in Dodging
 19336 | Orc:2    | Found Resiakk's Gadget Shoppe.
 19336 | Orc:2    | Found Peogo's Weapon Boutique.
 19338 | Orc:2    | Found Nosavo's General Store.
 19340 | Orc:2    | Found Miwel's Distillery.
 19352 | Orc:2    | Bought a potion of experience for 600 gold pieces
 19352 | Orc:2    | Reached XP level 15. HP: 138/138 MP: 14/14
 19353 | Orc:2    | Reached skill level 5 in Evocations
 19353 | Orc:2    | Reached XP level 16. HP: 146/146 MP: 14/18
 19517 | Orc:2    | Found Vuuluwkavva's Weapon Emporium.
 19525 | Orc:2    | Bought the +8 frozen axe "Frostbite" {freezing cloud, *Noise +Fly rC+} for 1059 gold pieces
 20559 | D:13     | Found a gate to the Vaults.
 20569 | D:12     | Reached skill level 20 in Axes
 20586 | D:13     | Reached skill level 14 in Armour
 20590 | D:13     | Reached XP level 17. HP: 143/154 MP: 19/19
 20715 | D:13     | Found a shadowy altar of Dithmenos.
 20802 | D:13     | Found a labyrinth entrance.
 20811 | Lab      | Entered a labyrinth
 22003 | Lab      | Found an exit through the horrors of the Abyss.
 22110 | Lab      | Received a gift from Trog
 22116 | Lab      | Got a dazzling plate armour
 22275 | Lab      | Identified the +5 plate armour of Ysouraywnu {+Fly} (You found it in a labyrinth)
 23363 | D:14     | Found Wugod's Book Boutique.
 23674 | D:15     | Entered Level 15 of the Dungeon
 23823 | D:15     | Reached skill level 15 in Fighting
 24200 | D:15     | Found a staircase to the Depths.
 24639 | Shoals:1 | Entered Level 1 of the Shoals
 24731 | Shoals:1 | HP: 32/156 [water nymph/the raging water (32)]
 25320 | Shoals:1 | Noticed a kraken
 25331 | Shoals:1 | Killed a kraken
 25331 | Shoals:1 | Reached skill level 21 in Axes
 25633 | Shoals:2 | Reached skill level 14 in Dodging
 26374 | Shoals:2 | Reached skill level 15 in Armour
 26916 | Shoals:3 | HP: 35/157 [yaktaur/bolt (6)]
 26919 | Shoals:3 | HP: 15/157 [merfolk/spear (4)]
 27321 | Shoals:3 | Received a gift from Trog
 27829 | Shoals:3 | Noticed a kraken
 27880 | Shoals:4 | Entered Level 4 of the Shoals
 27922 | Shoals:4 | Reached XP level 18. HP: 132/166 MP: 20/20
 27933 | Shoals:4 | Reached skill level 16 in Fighting
 28103 | Shoals:4 | Got a barnacled rune of Zot
 28186 | Shoals:4 | Noticed Ilsuiw
 28205 | Shoals:4 | Killed Ilsuiw
 28957 | Shoals:4 | Reached skill level 22 in Axes
 28959 | Shoals:4 | HP: 41/166 [manticore/volley of spikes (12)]
 28965 | Shoals:4 | HP: 36/166 [merfolk aquamancer/torrent of water (37)]
 29735 | Snake:1  | Entered Level 1 of the Snake Pit
 30742 | Snake:1  | Got a faintly glowing ring mail
 30852 | Snake:1  | Reached skill level 16 in Armour
 31211 | Snake:1  | Received a gift from Trog
 31902 | Snake:2  | Found a deep blue altar of Sif Muna.
 32017 | Snake:2  | Noticed Donald
 32026 | Snake:2  | Killed Donald
 32026 | Snake:2  | Reached skill level 6 in Evocations
 33100 | Snake:2  | Got a translucent trident
 33321 | Snake:2  | Reached skill level 23 in Axes
 33335 | Snake:2  | Reached XP level 19. HP: 127/174 MP: 22/22
 33839 | Snake:3  | Noticed Azrael
 33859 | Snake:3  | Killed Azrael
 34040 | Snake:3  | Reached skill level 17 in Fighting
 34078 | Snake:3  | Reached ****** piety under Trog
 34078 | Snake:3  | Reached skill level 7 in Evocations
 34286 | Snake:3  | Received a gift from Trog
 34834 | Snake:3  | Found a basalt altar of Yredelemnul.
 34919 | Snake:3  | Found Vefauf's Antique Weapon Emporium.
 34921 | Snake:3  | Found Oxzaterr's Magic Scroll Emporium.
 34921 | Snake:3  | Found Ocrasto's General Store.
 34922 | Snake:3  | Found Dauffak's Magic Scroll Emporium.
 34927 | Snake:3  | Bought a potion of curing for 45 gold pieces
 35483 | Snake:4  | Entered Level 4 of the Snake Pit
 35515 | Snake:4  | Found a hazy altar of Hepliaklqana.
 35592 | Snake:4  | Noticed Kirke
 35600 | Snake:4  | Killed Kirke
 36012 | Snake:4  | Reached skill level 15 in Dodging
 36033 | Snake:4  | Reached skill level 17 in Armour
 36128 | Snake:4  | Received a gift from Trog
 36134 | Snake:4  | Reached skill level 8 in Evocations
 36280 | Snake:4  | Received a gift from Trog
 36619 | Snake:4  | Got a serpentine rune of Zot
 37170 | Vaults:1 | Entered Level 1 of the Vaults
 37200 | Vaults:1 | Found Waongu's Food Emporium.
 37340 | Vaults:1 | Reached skill level 18 in Fighting
 37423 | Vaults:1 | Reached skill level 9 in Evocations
 37442 | Vaults:1 | Reached XP level 20. HP: 142/187 MP: 25/25
 37634 | Vaults:1 | Received a gift from Trog
 38120 | Vaults:1 | Reached skill level 18 in Armour
 38134 | Vaults:1 | Reached skill level 16 in Dodging
 39295 | Vaults:2 | Received a gift from Trog
 39335 | Vaults:2 | Reached skill level 10 in Evocations
 39536 | Vaults:2 | Noticed Bai Suzhen
 39551 | Vaults:2 | Killed Bai Suzhen
 39692 | Vaults:2 | Found Qeever's Distillery.
 39732 | Vaults:2 | Bought a potion of curing for 48 gold pieces
 39732 | Vaults:2 | Bought a potion of invisibility for 128 gold pieces
 40010 | Vaults:2 | Reached skill level 19 in Fighting
 40122 | Vaults:2 | Received a gift from Trog
 40141 | Vaults:2 | Noticed Asterion
 40171 | Vaults:2 | Killed Asterion
 40992 | Vaults:3 | Reached XP level 21. HP: 198/198 MP: 28/28
 41073 | Vaults:3 | Reached skill level 19 in Armour
 41103 | Vaults:3 | Reached skill level 17 in Dodging
 41121 | Vaults:3 | Reached skill level 11 in Evocations
 41274 | Vaults:3 | Received a gift from Trog
 41283 | Vaults:3 | Noticed a golden dragon
 41300 | Vaults:3 | Killed a golden dragon
 41524 | Vaults:3 | Got a clouded diamond amulet
 41526 | Vaults:3 | Identified the amulet of Music {Spirit rC+ Str+3} (You found it on level 3 of the Vaults)
 41746 | Vaults:3 | Got a scorched halberd
 42149 | Vaults:3 | Reached skill level 20 in Fighting
 42271 | Vaults:3 | Found a staircase to the Crypt.
 42292 | Vaults:3 | Received a gift from Trog
 42768 | Vaults:4 | Noticed Aizul
 42805 | Vaults:4 | Killed Aizul
 42812 | Vaults:4 | Reached skill level 12 in Evocations
 42905 | Vaults:4 | Noticed Xtahua
 42915 | Vaults:4 | Killed Xtahua
 43040 | Vaults:4 | Reached skill level 20 in Armour
 43125 | Vaults:4 | Reached skill level 18 in Dodging
 43153 | Vaults:4 | Reached XP level 22. HP: 210/210 MP: 26/30
 43176 | Vaults:4 | Received a gift from Trog
 43474 | Vaults:4 | Noticed Margery
 43489 | Vaults:4 | Received a gift from Trog
 43496 | Vaults:4 | Killed Margery
 43861 | Depths:1 | Entered Level 1 of the Depths
 43887 | Depths:1 | Paralysed by a vampire knight for 4 turns
 43899 | Depths:1 | Noticed Sojobo
 44032 | Depths:1 | Paralysed by a great orb of eyes for 5 turns
 44182 | Depths:1 | Found Lomufepi's Gadget Boutique.
 44183 | Depths:1 | Found Yriockycots's Jewellery Shoppe.
 44183 | Depths:1 | Found Eqoats's Jewellery Shoppe.
 44193 | Depths:1 | Bought a wand of scattershot (5/9) for 540 gold pieces
 44403 | Depths:1 | Reached skill level 13 in Evocations
 44408 | Depths:1 | Noticed Frederick
 44417 | Depths:1 | Killed Frederick
 44529 | Depths:1 | Reached skill level 21 in Fighting
 44581 | Depths:1 | Killed Sojobo
 44598 | Depths:1 | Received a gift from Trog
 44788 | Depths:1 | Found a gateway to Hell.
 45015 | Depths:1 | Reached skill level 21 in Armour
 45168 | Depths:2 | Reached skill level 19 in Dodging
 45280 | Depths:2 | Reached XP level 23. HP: 221/221 MP: 32/32
 45486 | Depths:2 | Found a gateway to a ziggurat.
 45570 | Depths:2 | Noticed a caustic shrike
 45587 | Depths:2 | Killed a caustic shrike
 45592 | Depths:2 | Received a gift from Trog
 45851 | Depths:2 | Found Wooluh's Quality Used Wands.
 45890 | Depths:2 | Found a portal to a secret trove of treasure.
 46631 | Depths:3 | Reached skill level 14 in Evocations
 46695 | Depths:3 | Noticed a caustic shrike
 46705 | Depths:3 | Killed a caustic shrike
 46752 | Depths:3 | Reached skill level 22 in Fighting
 46864 | Depths:3 | Found a flickering gateway to a bazaar.
 46873 | Bazaar   | Entered a bazaar
 46891 | Bazaar   | Found Faskaloi's Antique Weapon Emporium.
 46891 | Bazaar   | Found Kifreqim's Jewellery Shoppe.
 46912 | Bazaar   | Found Ochoiket's Magic Scroll Emporium.
 46912 | Bazaar   | Found Ukovixt's General Store.
 46933 | Bazaar   | Found Qogaerr's Armour Emporium.
 46933 | Bazaar   | Found Uqeoklat's Jewellery Shoppe.
 46937 | Bazaar   | Bought the ring of Xiwaha {rF+ Slay+2 SInv} for 312 gold pieces
 46957 | Bazaar   | Found Kiotaa's Weapon Shoppe.
 47020 | Bazaar   | Bought the amulet "Hianor" {+Rage rPois rN+ Str+3 Dex-3} for 387 gold pieces
 47195 | Depths:3 | Received a gift from Trog
 47700 | Depths:3 | Found a one-way gate leading to the halls of Pandemonium.
 47906 | Depths:4 | Reached skill level 20 in Dodging
 47913 | Depths:4 | Reached skill level 22 in Armour
 48039 | Depths:4 | Reached XP level 24. HP: 233/233 MP: 32/32
 48079 | Depths:4 | Received a gift from Trog
 48102 | Depths:4 | Noticed Louise
 48106 | Depths:4 | Found a one-way gate to the infinite horrors of the Abyss.
 48112 | Depths:4 | Killed Louise
 48245 | Depths:4 | Paralysed by a floating eye for 4 turns
 48255 | Depths:4 | Paralysed by a floating eye for 4 turns
 48262 | Depths:4 | Paralysed by a floating eye for 4 turns
 48275 | Depths:4 | Paralysed by a floating eye for 2 turns
 48354 | Depths:4 | Found Kepa Bio's Food Boutique.
 48514 | Depths:4 | Reached skill level 15 in Evocations
 48537 | Depths:4 | Received a gift from Trog
 48569 | Depths:4 | Got an iridescent war axe {flame}
 48801 | Depths:4 | Found a runed door.
 48854 | Depths:4 | Found a runed door.
 49025 | Depths:5 | Entered Level 5 of the Depths
 49112 | Depths:5 | Found an ancient bone altar of Kikubaaqudgha.
 49118 | Depths:5 | Got a crude plate armour
 49150 | Depths:5 | Identified the cursed +1 plate armour of Duck's Teeth {rF- rC+ rN+ Str+3} (You found it on level 5 of the Depths)
 49258 | Depths:5 | Found a deep blue altar of Sif Muna.
 49277 | Depths:5 | Paralysed by a floating eye for 2 turns
 49294 | Depths:5 | Reached skill level 23 in Fighting
 49481 | Depths:5 | Found a gate to the Realm of Zot.
 49528 | Depths:5 | Reached skill level 23 in Armour
 49547 | Depths:5 | Reached skill level 21 in Dodging
 49551 | Depths:5 | Received a gift from Trog
 49851 | Depths:5 | Found a glowing silver altar of Zin.
 49900 | Depths:5 | Found a burning altar of Makhleb.
 49905 | Depths:5 | Paralysed by a floating eye for 2 turns
 49909 | Depths:5 | Reached XP level 25. HP: 233/243 MP: 33/33
 50433 | Vaults:5 | Entered Level 5 of the Vaults
 50458 | Vaults:5 | Noticed Jory
 50477 | Vaults:4 | Received a gift from Trog
 50488 | Vaults:4 | Killed Jory
 50550 | Vaults:5 | Reached skill level 24 in Axes
 50638 | Vaults:5 | Reached skill level 24 in Fighting
 50644 | Vaults:5 | Received a gift from Trog
 50695 | Vaults:5 | Got a dazzling longbow
 50701 | Vaults:5 | Identified a scroll of acquirement
 50705 | Vaults:5 | Got a clouded golden ring
 50707 | Vaults:5 | Identified the ring of Yendor {rC- Str+10 Slay+3} (You acquired it on level 5 of the Vaults)
 51055 | Vaults:5 | Identified the ring of Yxzagepp {Ice rPois MR+ Int-5} (You took it off an ironheart preserver on level 5 of the Vaults)
 51076 | Vaults:5 | Reached skill level 24 in Armour
 51128 | Vaults:5 | Reached skill level 22 in Dodging
 51167 | Vaults:5 | Received a gift from Trog
 51390 | Vaults:5 | Reached XP level 26. HP: 254/254 MP: 33/33
 51440 | Vaults:5 | Got a silver rune of Zot
 52324 | Zot:1    | Entered Level 1 of the Realm of Zot
 52478 | Zot:1    | Noticed an orb of fire
 52491 | Zot:1    | Gained mutation: Your spells are a little easier to cast, but a little less powerful. [an orb of fire]
 52493 | Zot:1    | Gained mutation: Armour fits poorly on your strangely shaped body. [an orb of fire]
 52497 | Zot:1    | Killed an orb of fire
 52611 | Zot:1    | Received a gift from Trog
 52660 | Zot:1    | Identified the +8 battleaxe of Vipegroo {chop, rN++ Str-3 Int+2 SInv} (Trog gifted it to you on level 1 of the Realm of Zot)
 52832 | Zot:1    | Reached skill level 25 in Axes
 53856 | Zot:2    | Reached skill level 25 in Fighting
 54382 | Zot:2    | Got a pair of distressingly furry gloves
 54393 | Zot:2    | Identified the +3 pair of gloves "Xoared" {rElec} (You found it on level 2 of the Realm of Zot)
 54616 | Zot:3    | Reached skill level 25 in Armour
 54709 | Zot:3    | Reached skill level 23 in Dodging
 54750 | Zot:3    | Reached XP level 27. HP: 188/266 MP: 33/33
 55019 | Zot:3    | Received a gift from Trog
 55055 | Zot:3    | Noticed an orb of fire
 56004 | Zot:4    | Received a gift from Trog
 56106 | Zot:4    | Reached skill level 26 in Axes
 56577 | Zot:5    | Entered Level 5 of the Realm of Zot
 56721 | Zot:5    | Reached skill level 26 in Fighting
 56925 | Zot:5    | Noticed an orb of fire
 56933 | Zot:5    | Gained mutation: Scrolls take you a little longer to read. [an orb of fire]
 56934 | Zot:5    | Killed an orb of fire
 56934 | Zot:5    | Reached skill level 26 in Armour
 56935 | Zot:5    | Lost mutation: Scrolls take you a little longer to read. [potion of mutation]
 56935 | Zot:5    | Lost mutation: Your spells are a little easier to cast, but a little less powerful. [potion of mutation]
 56935 | Zot:5    | Gained mutation: You are robust. (+10% HP) [potion of mutation]
 57151 | Zot:5    | Reached skill level 24 in Dodging
 57176 | Zot:5    | Noticed an ancient lich
 57185 | Zot:5    | Cast into level 5 of the Abyss (an ancient lich)
 57185 | Abyss:5  | Entered Level 5 of the Abyss
 57186 | Abyss:5  | Found a corrupted altar of Lugonu.
 57208 | Abyss:5  | Received a gift from Trog
 57214 | Abyss:5  | Lost intelligence.
 57266 | Abyss:5  | Paralysed by a lich for 6 turns
 57283 | Abyss:5  | Got an abyssal rune of Zot
 57286 | Zot:5    | Escaped the Abyss
 57299 | Zot:5    | Killed an ancient lich
 57496 | Zot:5    | Noticed an orb of fire
 57497 | Zot:5    | Noticed an ancient lich
 57540 | Zot:5    | Noticed an orb of fire
 57550 | Zot:5    | Killed an orb of fire
 57566 | Zot:5    | Noticed an ancient lich
 57573 | Zot:5    | Killed an ancient lich
 57670 | Zot:5    | Noticed an orb of fire
 57680 | Zot:5    | Gained mutation: Your magical capacity is low. (-10% MP) [an orb of fire]
 57687 | Zot:5    | Killed an orb of fire
 57719 | Zot:5    | Got a heavily runed ring mail
 57754 | Zot:5    | Reached skill level 27 in Axes
 57761 | Zot:5    | Got the Orb of Zot
 57797 | Zot:5    | Killed an ancient lich
 57797 | Zot:5    | Reached skill level 27 in Fighting
 57963 | Zot:1    | Received a gift from Trog
 58023 | Zot:1    | Reached skill level 27 in Armour
 58041 | Zot:1    | Reached skill level 25 in Dodging
 58257 | D:14     | Gained mutation: You are dopey. (Int -2) [a neqoxec]
 58258 | D:14     | Gained mutation: You do not regenerate when monsters are visible. [a neqoxec]
 58395 | D:10     | Noticed Tuskuz the pandemonium lord
 58567 | D:2      | Noticed Hoxieh the pandemonium lord
 58574 | D:2      | Killed Hoxieh the pandemonium lord
 58613 | D:$      | Escaped with the Orb!

Skill      XL: |  1  2  3  4  5  6  7  8  9 10 11 12 13 14 15 16 17 18 19 20 21 22 23 24 25 26 27 |
---------------+----------------------------------------------------------------------------------+-----
Axes           | 4 5 6 8 9 11 13 14 16 17 19 20 21 23 24 25 27 | 27.0
Fighting       | 4 5 6 7 8 9 11 12 13 14 15 16 18 19 20 21 22 23 24 25 27 | 27.0
Armour         | 3 4 5 6 8 9 10 11 13 14 15 16 17 18 20 21 22 23 24 25 27 | 27.0
Dodging        | 3 4 5 7 8 9 10 12 13 14 15 16 18 19 20 21 22 23 25 | 25.2
Evocations     | 5 6 9 10 12 13 14 15 | 15.8

Action                   |  1- 3 |  4- 6 |  7- 9 | 10-12 | 13-15 | 16-18 | 19-21 | 22-24 | 25-27 || total
-------------------------+-------+-------+-------+-------+-------+-------+-------+-------+-------++-------
Melee: Hand axe          |    46 |   212 |    48 |       |       |       |       |       |       ||   306
       Headbutt          |     7 |    40 |    65 |   131 |   122 |   257 |   453 |   542 |   490 ||  2107
       War axe           |       |       |   174 |    11 |       |       |       |       |       ||   185
       Battleaxe         |       |       |       |   395 |   408 |   155 |  1163 |  1305 |  1329 ||  4755
       Executioner's axe |       |       |       |       |     3 |   706 |    88 |       |       ||   797
Throw: Javelin           |       |       |       |    56 |    98 |    14 |       |       |       ||   168
Invok: Berserk           |       |     1 |       |       |       |       |       |       |       ||     1
       Burn Spellbooks   |       |     1 |       |     3 |       |     3 |     2 |     4 |     1 ||    14
       Trog's Hand       |       |     1 |     1 |     1 |     3 |     5 |    12 |    10 |     7 ||    40
       Brothers in Arms  |       |       |       |       |     8 |     8 |     4 |       |     3 ||    23
Evoke: Sack of spiders   |       |       |       |       |       |       |       |       |     1 ||     1
  Use: Scroll            |       |     7 |     7 |     3 |     5 |    15 |    22 |    14 |    10 ||    83
       Potion            |       |       |       |       |     2 |     4 |     3 |     2 |     6 ||    17
 Stab: Distracted        |       |       |       |       |     3 |     1 |     2 |       |     2 ||     8
       Petrified         |       |       |       |       |       |       |       |       |     1 ||     1
  Eat: Chunk             |    20 |    17 |    12 |    12 |    13 |    27 |     9 |    12 |     9 ||   131
       Fruit             |       |       |       |       |     9 |     3 |       |     3 |       ||    15
       Bread ration      |       |       |       |       |     1 |     5 |     3 |       |       ||     9
       Meat ration       |       |       |       |       |       |       |     3 |     3 |     5 ||    11
       Royal jelly       |       |       |       |       |       |       |     3 |       |       ||     3
Armor: Animal skin       |    14 |     2 |       |       |       |       |       |       |       ||    16
       Plate armour      |       |   138 |   116 |   222 |   126 |   561 |   393 |       |       ||  1556
       Gold dragon scale |       |       |       |       |       |       |    67 |   803 |   790 ||  1660
Dodge: Dodged            |    40 |    59 |    96 |   261 |   300 |   861 |   836 |  1104 |  1314 ||  4871
Block: Other             |       |       |       |     2 |    17 |    59 |    51 |       |       ||   129
       Reflection        |       |       |       |       |     4 |     6 |     5 |       |       ||    15

Vault maps used:
D:1:      elethiomel_arrival_shortcut
D:2:      serial_bayou_lake_a, uniq_crazy_yiuf_cottage, uniq_terence
D:3:      minitemple, lemuel_doored_altar, gammafunk_temple_overflow_claw,
          kennysheep_path_1
D:4:      first_bread, minmay_tree_intersection
D:5:      lemuel_crystal_altar, serial_shops, shop
D:6:      temple_hall, grunt_ministairs_11
D:7:      vehumet_statue
D:8:      serial_glass, glass_columns_a, glass_columns_b,
          hangedman_pestilent_swarm, kennysheep_small_spiral,
          wad_rectangle_vault
D:9:      lemuel_round_altar, nicolae_overflow_crystal_walls,
          hangedman_decor_peaks_small, uniq_maurice
D:10:     kennysheep_big_flooded_room, orc_0_dummy, minivault_4
D:11:     grunt_lair_entry_orc_guard_hut, portal_ice_cave_entry_pillars_1,
          grunt_decor_resistance, lemuel_statue_altar
D:13:     david_vaults_3, lab_entry_generic, minivault_22,
          nicolae_dithmenos_shadow_blocks
D:14:     minmay_door_square, serial_shops, nicolae_shop_behind_doors
D:15:     hangedman_depths_entry_civil_slaughter,
          hangedman_decor_clover_reticule
Lair:1:   dragon1_lemuel, grunt_megastairs_2, lemuel_fruit_tree
Lair:2:   elwin_shoals_entry_rocks, guppyfry_snake_entry_island, special_room,
          grunt_megastairs_3
Lair:3:   infiniplex_staircase_pool, minmay_lair_oklob_chamber
Lair:5:   slime_altar_1, uniq_rupert, uniq_urug
Lair:6:   minmay_lair_end_frog_pond
Shoals:2: abandoned_shop
Shoals:3: yaktaur_hedge
Shoals:4: shoals_end_grunt_ice, shoals_ilsuiw_ice,
          nicolae_shoals_aquamancer_cove
Snake:2:  basic_altar, st_stairs_6, hangedman_snake_sidewinding, uniq_donald
Snake:3:  basic_altar, minmay_shop_grid_forest, fake_guardian_serpent_vault,
          uniq_azrael
Snake:4:  snake_pit, basic_altar, uniq_kirke
Orc:1:    serial_shops, nicolae_shop_waterfront, nicolae_orc_crystal_geode
Orc:2:    st_orc_rangers, serial_shops,
          nicolae_shop_temple_entry_statues_fountains, uniq_saint_roka,
          uniq_nessos
Vaults:1: vaults_room_grunt_arrival_ludios, v_misc_10, v_rooms_4,
          hangedman_vaults_stretched_pinwheel, nicolae_vaults_asterisk,
          nicolae_vaults_little_squares_3, v_alt_pattern_6,
          ontoclasm_vaults_decontamination, serial_shops, shop_fountains
Vaults:2: ontoclasm_vaults_misaligned, v_misc_8, vaults_mumra_lcd, v_misc_12,
          nicolae_vaults_specimen_jars, dpeg_vaults_monster_row,
          hangedman_vaults_hat, v_misc_25, ontoclasm_vaults_ring_square,
          nicolae_vaults_three_branches, vaults_dpeg_diagonal, vaults_room_pool,
          nicolae_vaults_ring_of_whatevers, vaults_room_hallway,
          nicolae_vaults_mini_display_case, serial_shops, nicolae_shop_trees,
          uniq_asterion, uniq_bai_suzhen
Vaults:3: nicolae_vaults_angled_halls, v_misc_26, ontoclasm_vaults_gateway,
          vaults_room_ringed_pool, vaults_room_fancy_cross, st_greater_box_3,
          ontoclasm_vaults_tryst, nicolae_vaults_little_squares_5,
          hangedman_vaults_river_flow, v_pattern_1, vaults_room_stairs_pillars,
          ontoclasm_vaults_ligature, nicolae_vaults_rhombus_6,
          dummy_crypt_entry, mu_enter_wizlab_2
Vaults:4: nicolae_vaults_ring_of_whatevers, ontoclasm_vaults_twist,
          vaults_mumra_minichess, hangedman_vaults_capsules, v_misc_22,
          v_alt_pattern_6, nicolae_vaults_little_squares_1,
          nicolae_vaults_sealed_display, vaults_mumra_hexcomb, v_misc_24,
          grunt_vaults_funnel, serial_ice_h, uniq_margery, uniq_xtahua,
          uniq_aizul
Vaults:5: uniq_jory
Depths:1: pf_hell_entry_tar_river, serial_bayou_pond_d, sword_in_stone,
          minmay_shop_grove, kennysheep_random_hallway, firewood_loft
Depths:2: minmay_the_grid_octo_tiled_octocenter, enter_ziggurat_f,
          kennysheep_boxes, enter_trove_2, hangedman_geh_valley,
          nicolae_for_you_no_charge, minmay_staircase_bubble,
          serial_bayou_shore_a
Depths:3: hangedman_arch_fort, serial_shops, bzr_in_the_mist,
          minmay_misc_feat_iff, pan_entry, hell_entry, basic_stair_grate_trap
Depths:4: cheibrodos_witchhunters_guild, bh_walls_and_bars, serial_shops,
          shop_statue, nicolae_abyss_entry_one_way_or_another,
          grunt_mini_vestibule
Depths:5: grunt_profane_halls, pan_entry, abyss_entry, hell_entry, serial_shops
Zot:1:    lemuel_acid_trip, hangedman_elemental_grid_stream
Zot:2:    st_small_dragon_hoard_3
Zot:3:    grunt_zot_stairs_faceoff, lemuel_elevator
Zot:5:    st_stairs_10
Abyss:5:  evilmike_abyss_exit_6, hangedman_stitches_earthworm,
          due_evilmike_abyss_rune_seething_liches,
          hangedman_abyss_or_decor_stagger
Lab:      labyrinth_hidden_loot, labyrinth_fake_exit
Bazaar:   bazaar_long_row
IceCv:    ice_cave_caverns_01

Table legend:
 A = Turns spent in this place as a percentage of turns spent in the entire game.
 B = Non-inter-level travel turns spent in this place as a percentage of non-inter-level travel turns spent in the entire game.
 C = Inter-level travel turns spent in this place as a percentage of turns spent in this place.
 D = Turns resting spent in this place as a percentage of non-inter-level travel turns spent in this place.
 E = Turns spent auto-exploring this place as a percentage of non-inter-level travel turns spent in this place.
 F = Non-inter-level travel turns spent in this place divided by the number of levels of this place that you've seen.
                   A       B       C       D       E      F
               +-------+-------+-------+-------+-------+----------------------
         Total | 100.0 | 100.0 |   0.5 |   3.2 |   9.1 | 362.8
       Dungeon |  19.4 |  19.4 |   0.8 |   1.4 |  11.7 | 234.5
          Lair |   7.7 |   7.7 |   0.6 |   3.4 |  11.6 | 234.0
        Shoals |   8.2 |   8.2 |   0.5 |   5.2 |   4.6 | 372.2
     Snake Pit |   9.5 |   9.5 |   0.5 |  10.4 |  10.5 | 430.2
  Orcish Mines |   3.6 |   3.6 |   0.8 |   3.9 |  14.4 | 323.5
        Vaults |  15.5 |  15.5 |   0.5 |   3.2 |  10.7 | 563.6
        Depths |  14.5 |  14.5 |   0.5 |   1.3 |   9.1 | 525.0
           Zot |  11.0 |  11.0 |   0.7 |   3.8 |   8.5 | 399.2
         Abyss |   0.5 |   0.5 |   0.0 |   0.0 |   0.0 |  95.0
     Labyrinth |   7.7 |   7.7 |   0.0 |   0.2 |   0.0 | 1401.0
        Bazaar |   0.5 |   0.5 |   0.0 |   0.0 |  12.8 |  94.0
      Ice Cave |   1.8 |   1.8 |   0.0 |   1.2 |   4.8 | 335.0
               +-------+-------+-------+-------+-------+----------------------

Table legend:
 A = Kills in this place as a percentage of kills in entire the game.
 B = Kills by you in this place as a percentage of kills by you in the entire game.
 C = Kills by friends in this place as a percentage of kills by friends in the entire game.
 D = Other kills in this place as a percentage of other kills in the entire game.
 E = Experience gained in this place as a percentage of experience gained in the entire game.
 F = Experience gained in this place divided by the number of levels of this place that you have seen.
                   A       B       C       D       E      F
               +-------+-------+-------+-------+-------+----------------------
         Total | 100.0 | 100.0 | 100.0 | 100.0 | 100.0 | 35202.5
       Dungeon |  15.8 |  15.9 |  10.0 |  11.1 |   3.8 | 4508.7
          Lair |   8.3 |   8.2 |  13.3 |  11.1 |   2.8 | 8070.8
        Shoals |   5.8 |   5.6 |  23.3 |   0.0 |   4.3 | 18715.0
     Snake Pit |   9.8 |   9.9 |   0.0 |  11.1 |   7.7 | 33818.2
  Orcish Mines |   6.0 |   5.7 |  26.7 |   0.0 |   1.1 | 9934.5
        Vaults |  21.8 |  21.8 |  16.7 |  33.3 |  25.8 | 90996.0
        Depths |  18.1 |  18.3 |   0.0 |  22.2 |  24.1 | 84996.6
           Zot |  10.9 |  10.9 |  10.0 |  11.1 |  27.9 | 98188.0
         Abyss |   1.4 |   1.4 |   0.0 |   0.0 |   1.7 | 29988.0
     Labyrinth |   0.0 |   0.0 |   0.0 |   0.0 |   0.1 | 1051.0
      Ice Cave |   2.1 |   2.1 |   0.0 |   0.0 |   0.7 | 12127.0
               +-------+-------+-------+-------+-------+----------------------
